 Dungeon Crawl Stone Soup version 0.24-a0-278-gefa1973 (webtiles) character file.

Game seed: 13859519774700346066

4403 mhoghedin the Zephyrmancer (level 10, -3/60 HPs)
             Began as a Tengu Air Elementalist on Apr 30, 2019.
             Was a Believer of Vehumet.
             Slain by a death drake (shapeshifter) (4 damage)
             ... on level 8 of the Dungeon.
             The game lasted 00:27:02 (9760 turns).

mhoghedin the Zephyrmancer (Tengu Air Elementalist) Turns: 9760, Time: 00:27:02

Health: -3/60      AC:  4    Str:  8    XL:     10   Next: 35%
Magic:  0/18       EV: 19    Int: 25    God:    Vehumet [**....]
Gold:   264        SH:  7    Dex: 15    Spells: 6/18 levels left

rFire    + . .     SeeInvis +   u - +11 falchion of the Boar {protect, *Corrode rElec Int+6 SInv}
rCold    . . .     Gourm    .   s - +2 buckler
rNeg     . . .     Faith    .   a - +1 robe
rPois    .         Spirit   +   (helmet restricted)
rElec    +         Reflect  .   y - +0 cloak
rCorr    .         Harm     .   (no gloves)
MR       .....                  (boots unavailable)
Stlth    ++........             e - amulet of guardian spirit {Spirit}
HPRegen  0.20/turn              b - ring of protection from fire {rF+, !d}
MPRegen  0.16/turn              (no ring)

@: lethally poisoned (-3 -> -48), flying quickly and evasively, very slightly
contaminated, slowed, very slow
A: beak, talons 3, able to fly
a: Stop Flying, Renounce Religion


You were on level 8 of the Dungeon.
You worshipped Vehumet.
Vehumet was pleased with you.
You were not hungry.

You visited 2 branches of the dungeon, and saw 10 of its levels.

You collected 348 gold pieces.
You spent 84 gold pieces at shops.

Inventory:

Hand Weapons
 u - the +11 falchion of the Boar (weapon) {protect, *Corrode rElec Int+6 SInv}
   (You found it on level 5 of the Dungeon)

   It grants its wielder temporary protection when it strikes (+7 to AC).
   It affects your intelligence (+6).
   It insulates you from electricity.
   It lets you see invisible.
   It may corrode you when you take damage.
Missiles
 n - a throwing net {=f, !d}
Armour
 a - a +1 robe (worn)
 s - a +2 buckler (worn)
   (You found it on level 7 of the Dungeon)
 y - a +0 cloak (worn)
   (You found it on level 6 of the Dungeon)
Jewellery
 b - a ring of protection from fire (left hand) {rF+, !d}
   (You found it on level 7 of the Dungeon)
 e - an amulet of guardian spirit (around neck) {Spirit}
   (You found it on level 1 of the Dungeon)
Wands
 d - a wand of clouds (13)
   (You found it on level 5 of the Dungeon)
 l - a wand of paralysis (6)
   (You found it on level 2 of the Dungeon)
 o - a wand of scattershot (3)
   (You found it on level 4 of the Dungeon)
 w - a wand of polymorph (6)
   (You found it on level 6 of the Dungeon)
 A - a wand of digging (6)
   (You found it on level 8 of the Dungeon)
 C - a wand of disintegration (9)
   (You found it on level 8 of the Dungeon)
Scrolls
 f - 4 scrolls of teleportation
 h - 2 scrolls of amnesia
 j - a scroll of enchant weapon
 m - 4 scrolls of magic mapping {!r}
 x - 2 scrolls of remove curse
Potions
 g - 2 potions of haste
 i - a potion of ambrosia
 k - a potion of berserk rage {unknown}
 p - 2 potions of curing
 q - a potion of lignification {!q}
 r - a potion of invisibility {unknown}
 v - a potion of agility {unknown}
Comestibles
 c - 3 rations


   Skills:
 - Level 5.6 Fighting
 - Level 6.1 Long Blades
 - Level 6.7 Dodging
 - Level 2.0 Stealth
 - Level 4.0 Shields
 + Level 4.8 Spellcasting
 - Level 8.1 Conjurations
 - Level 9.1 Air Magic


You had 6 spell levels left.
You knew the following spells:

 Your Spells              Type           Power        Failure   Level  Hunger
a - Shock                 Conj/Air       ####         1%          1    None
b - Static Discharge      Conj/Air       #####...     1%          3    ##.....
s - Swiftness             Chrm/Air       ####....     1%          2    None
x - Lightning Bolt        Conj/Air       #####.....   7%          5    #####..
A - Animate Skeleton      Necr           N/A          9%          1    None

Your spell library contained the following spells:

 Spells                   Type           Power        Failure   Level  Hunger
 Freeze                   Ice            #...         9%          1    None
 Airstrike                Air            ######....   1%          4    ####...
 Apportation              Tloc           #.....       9%          1    None
 Confusing Touch          Hex            #.....       9%          1    None
 Summon Small Mammal      Summ           #...         9%          1    None


Dungeon Overview and Level Annotations

Branches:
Dungeon (9/15)             Temple (1/1) D:4
   Lair: D:8-11         Orc: D:9-12

Altars:
Ashenzari
Cheibriados
Dithmenos
Elyvilon
Fedhas
Gozag
Kikubaaqudgha
Nemelex Xobeh
Qazlal
Sif Muna
Trog
Uskayaw
Vehumet
Xom
Yredelemnul
Zin
The Shining One

Shops:
D:4 !   D:6 (

Annotations:
D:6 1 exclusion
D:8 exclusion: Joseph, Joseph


Innate Abilities, Weirdness & Mutations

You have a beak for a mouth.
You have claws for feet.
You can fly continuously.


Message History

The troll closely misses you.
You fly upwards.
Level annotation: exclusion: Joseph, Joseph
There is a stone staircase leading down here.
Health restored: 60 You miscast Lightning Bolt.
You are very lightly contaminated with residual magic.
Wisps of vapour drift from your hands. You block the troll's attack.
The troll closely misses you. The troll completely misses you.
You now have 7/17 mp.
You hear a mighty clap of thunder!
The bolt of lightning hits the troll!! x2
You kill the troll!
Vehumet accepts your kill.
You feel your power returning.
You are starving!
You now have 4/18 mp.
You eat one of the 4 rations.
That ration really hit the spot!
You start resting.
Your magical contamination has completely faded away.
You regained 3 mp, and now have 7/18 mp.
You start resting.
MP restored: 18 Unknown command.
Okay, then.
Unknown command.
Unknown command.
Unknown command.
Unknown command.
Unknown command.
Level annotation: exclusion: Joseph, Joseph Welcome back, mhoghedin the Tengu Air Elementalist.
Vehumet says: Let it end in hellfire!
Okay, then.
Unknown command.
Unknown command.
You fly downwards.
The death drake breathes miasma at you. The foul vapour misses you.
There is a stone staircase leading up here.
Unknown command.
Unknown command.
Okay, then.
Unknown command.
Unknown command.
You are engulfed in dark miasma.
You are poisoned.
You feel your flesh rotting away!
You feel yourself slow down.
You feel sick. The death drake closely misses you.
You riposte.
You closely miss the death drake.
You claw the death drake, but do no damage.
You fly upwards.
Level annotation: exclusion: Joseph, Joseph You feel sick.
There is a stone staircase leading down here.
Unknown command.
Unknown command.
You take 4 damage, and have 56/59 hp.
Okay, then.
Unknown command.
You feel sick. The death drake breathes miasma at you.
The foul vapour misses you.
You take 2 damage, and have 54/59 hp.
Unknown command.
Unknown command.
You hear a mighty clap of thunder!
The bolt of lightning hits the death drake!
The bolt of lightning misses the death drake.
The bolt of lightning misses you. x2
You are engulfed in dark miasma.
You are more poisoned.
You feel as though you will be slow longer.
You feel very sick. You block the death drake's attack.
The death drake barely misses you.
You take 13 damage, and have 41/59 hp.
MASSIVE DAMAGE!!
You now have 10/18 mp.
You miscast Lightning Bolt.
You are very lightly contaminated with residual magic.
Wisps of vapour drift from your hands.
You are engulfed in dark miasma.
You are lethally poisoned!
You feel extremely sick.
The death drake completely misses you. x2
You take 19 damage, and have 22/59 hp.
MASSIVE DAMAGE!!
You now have 4/18 mp.
You feel better.
You are engulfed in dark miasma.
You are poisoned.
You feel very sick. The death drake breathes miasma at you.
The foul vapour engulfs you!!
You are more poisoned.
You feel as though you will be slow longer.
* * * LOW HITPOINT WARNING * * *
The death drake bites you.
You die...

##..##.#.####...........
#...............#####..#
###.....##.....### #....
#.....####...#.# ###.#
###...#......#### ###
#.......#.....#
##..○○○##.....#
####○○○○.....#
##@k####### ##○# ###


You could see a death drake shaped shifter.

Vanquished Creatures
  A two-headed ogre (D:7)
  A cyclops (D:9)
  A troll (D:8)
  A hippogriff (D:8)
  Grinder (D:4)
  A vampire (D:9)
  4 orc warriors
  A necrophage (D:5)
  A phantom (D:8)
  A sky beast (D:7)
  2 centaurs (D:7)
  A big kobold (D:8)
  3 bullfrogs (D:8)
  A scorpion (D:4)
  A water moccasin skeleton (D:4)
  3 killer bees (D:8)
  4 howler monkeys
  2 crimson imps
  A bullfrog zombie (D:6)
  2 centaur zombies (D:9)
  A hound (D:4)
  8 orc priests
  2 jellies (D:7)
  A bullfrog skeleton (D:7)
  8 orc wizards
  A gnoll shaman (D:7)
  3 iguanas (D:4)
  A worker ant zombie (D:5)
  9 gnolls
  10 adders
  A howler monkey skeleton (D:4)
  2 oozes
  An adder zombie (D:7)
  6 worms
  2 dart slugs
  4 leopard geckos
  22 orcs
  5 bats
  5 giant cockroaches
  6 goblins
  4 hobgoblins
  2 jackals (D:3)
  8 kobolds
  2 quokkas
  4 frilled lizards
  A jackal zombie (D:8)
  A leopard gecko skeleton (D:4)
  9 rats
162 creatures vanquished.

Notes
Turn   | Place    | Note
-------+----------+-------------------------------------------
     0 | D:1      | mhoghedin the Tengu Air Elementalist began the quest for
                  | the Orb.
     0 | D:1      | Reached XP level 1. HP: 10/10 MP: 4/4
   761 | D:2      | Reached skill level 2 in Conjurations
   764 | D:2      | Reached XP level 2. HP: 7/15 MP: 3/6
  1061 | D:2      | Reached XP level 3. HP: 19/19 MP: 7/7
  1320 | D:2      | Reached skill level 3 in Conjurations
  1320 | D:2      | Reached skill level 5 in Air Magic
  1733 | D:2      | Learned a level 2 spell: Swiftness
  1737 | D:2      | Learned a level 3 spell: Static Discharge
  2217 | D:3      | Reached XP level 4. HP: 17/24 MP: 1/8
  2223 | D:2      | Reached skill level 4 in Conjurations
  2644 | D:3      | Gained mutation: You can fly continuously. [Tengu growth]
  2644 | D:3      | Reached XP level 5. HP: 17/28 MP: 3/9
  2648 | D:3      | Reached skill level 6 in Air Magic
  3129 | D:3      | Reached skill level 5 in Conjurations
  3137 | D:3      | Reached XP level 6. HP: 23/32 MP: 0/10
  3345 | D:3      | Found a faded altar of an unknown god.
  3692 | D:4      | Reached skill level 7 in Air Magic
  3717 | D:4      | Noticed Grinder
  3740 | D:4      | Killed Grinder
  3740 | D:4      | Reached skill level 6 in Conjurations
  3740 | D:4      | Reached XP level 7. HP: 31/36 MP: 1/11
  3845 | D:4      | Found Toipa's Distillery.
  3848 | D:4      | Bought a potion of curing for 42 gold pieces
  3849 | D:4      | Bought a potion of curing for 42 gold pieces
  3852 | D:4      | Found a staircase to the Ecumenical Temple.
  3907 | D:4      | Reached skill level 8 in Air Magic
  4083 | D:4      | Reached skill level 7 in Conjurations
  4712 | Temple   | Entered the Ecumenical Temple
  4718 | Temple   | Became a worshipper of Vehumet
  5458 | D:5      | Entered Level 5 of the Dungeon
  5927 | D:5      | Reached skill level 8 in Conjurations
  5927 | D:5      | Reached skill level 9 in Air Magic
  5927 | D:5      | Reached XP level 8. HP: 41/41 MP: 5/12
  6166 | D:5      | Got a steaming falchion
  6179 | D:5      | Identified the +11 falchion of the Boar {protect, *Corrode
                  | rElec Int+6 SInv} (You found it on level 5 of the Dungeon)
  6369 | D:5      | Learned a level 1 spell: Animate Skeleton
  6775 | D:6      | Found a glowing golden altar of the Shining One.
  6932 | D:6      | Reached skill level 1 in Fighting
  6954 | D:6      | Reached skill level 1 in Long Blades
  6986 | D:6      | Reached skill level 3 in Dodging
  7213 | D:6      | Found Utatog's Weapon Shop.
  7219 | D:6      | Reached skill level 2 in Long Blades
  7233 | D:6      | Reached skill level 2 in Fighting
  7384 | D:6      | Noticed a death knight
  7597 | D:7      | Reached skill level 3 in Long Blades
  7741 | D:7      | Reached skill level 3 in Fighting
  7741 | D:7      | Reached skill level 4 in Dodging
  7928 | D:7      | Reached * piety under Vehumet
  7928 | D:7      | Offered knowledge of Freeze by Vehumet.
  8277 | D:7      | Found a glowing silver altar of Zin.
  8278 | D:7      | Noticed an angel
  8295 | D:7      | Reached skill level 4 in Long Blades
  8295 | D:7      | Reached XP level 9. HP: 51/51 MP: 11/13
  8380 | D:7      | Reached skill level 5 in Dodging
  8391 | D:7      | Reached skill level 4 in Fighting
  8391 | D:7      | Reached skill level 1 in Shields
  8795 | D:8      | Noticed Joseph
  8830 | D:8      | Reached skill level 2 in Shields
  8834 | D:8      | Reached skill level 5 in Long Blades
  9016 | D:8      | Found an ancient bone altar of Kikubaaqudgha.
  9019 | D:8      | Noticed a two-headed ogre
  9077 | D:7      | Killed a two-headed ogre
  9077 | D:7      | Reached skill level 5 in Fighting
  9077 | D:7      | Reached skill level 6 in Dodging
  9077 | D:7      | Reached skill level 3 in Shields
  9161 | D:8      | Found a white marble altar of Elyvilon.
  9163 | D:8      | Found a sparkling altar of Nemelex Xobeh.
  9292 | D:8      | Reached skill level 6 in Long Blades
  9292 | D:8      | Reached XP level 10. HP: 59/59 MP: 14/14
  9329 | D:8      | Reached skill level 4 in Shields
  9422 | D:8      | Learned a level 5 spell: Lightning Bolt
  9567 | D:9      | Noticed a manticore
  9567 | D:9      | Noticed a cyclops
  9567 | D:9      | Noticed a spiny frog
  9579 | D:9      | Reached skill level 3 in Spellcasting
  9590 | D:9      | Killed a cyclops
  9590 | D:9      | Reached skill level 4 in Spellcasting
  9610 | D:9      | Noticed a guardian serpent
  9617 | D:9      | a guardian serpent changed into a redback
  9650 | D:9      | Noticed a death drake
  9650 | D:9      | a hippogriff changed into a death drake
  9665 | D:8      | Reached ** piety under Vehumet
  9760 | D:8      | HP: 1/60 [death drake (shapeshifter)/foul vapour (19)]
  9760 | D:8      | Slain by a death drake (shapeshifter)

Levels and vault maps discovered:
D:1:      grunt_arrival_lava_bath, layout_loops_ring
D:2:      layout_basic, first_ration
D:3:      layout_loops_corners, chequers_ecumenical_altar_grove
D:4:      layout_basic, temple_fountains, serial_shops, kennysheep_mini,
          minmay_misc_feat_five, nrook_mini_backslash, uniq_grinder
D:5:      layout_layer_cave
D:6:      minmay_cornered_nines, layout_loops_ring, serial_shops, shop,
          nicolae_tso_swordbearing_angel
D:7:      layout_loops_corners, zin_angel
D:8:      kennysheep_six_static_rooms, layout_cave_pools,
          grunt_temple_overflow_open, uniq_joseph
D:9:      minmay_the_grid_octo_2x2 [minmay_the_grid_octo_checkerflower,
          minmay_the_grid_octo_empty, minmay_the_grid_octo_teeth,
          minmay_the_grid_octo_prize_star], layout_long_grid,
          makhleb_altar_promises_db, hangedman_ru_absence, orc_david_3,
          basic_altar
Temple:   nicolae_temple_x_marks_the_god

Skill      XL: |  1  2  3  4  5  6  7  8  9 10 |
---------------+-------------------------------+-----
Conjurations   | 2 3 4 5 6 8 |  8.1
Air Magic      | 5 6 7 9 |  9.1
Fighting       | 3 5 |  5.6
Long Blades    | 4 6 |  6.1
Dodging        | 4 6 |  6.7
Shields        | 3 4 |  4.0
Spellcasting   | 4 |  4.8
Stealth        | |  2.0

Action                   |  1- 3 |  4- 6 |  7- 9 | 10-12 || total
-------------------------+-------+-------+-------+-------++-------
Melee: Hand axe          |    42 |    27 |     6 |       ||    75
       Kick              |     9 |     4 |    24 |    10 ||    47
       Peck              |     3 |     4 |    15 |     2 ||    24
       Falchion          |       |       |   109 |    22 ||   131
 Cast: Shock             |    26 |    50 |    67 |     6 ||   149
       Static Discharge  |     3 |     7 |    26 |     1 ||    37
       Swiftness         |       |       |     1 |       ||     1
       Lightning Bolt    |       |       |       |     5 ||     5
 Abil: Fly               |       |     1 |       |       ||     1
Evoke: Wand              |     1 |       |     4 |       ||     5
  Use: Scroll            |     3 |     1 |     8 |     2 ||    14
       Potion            |       |       |       |     2 ||     2
 Stab: Sleeping          |     3 |     1 |       |     1 ||     5
       Paralysed         |     5 |       |       |       ||     5
       Confused          |       |       |     2 |       ||     2
  Eat: Chunk             |     4 |     3 |     6 |     1 ||    14
       Ration            |       |     1 |     4 |     1 ||     6
Armor: Robe              |     6 |     8 |    37 |     2 ||    53
Dodge: Dodged            |    26 |    44 |   120 |    44 ||   234
Block: Buckler           |       |       |    13 |    11 ||    24
       Rpst.: Falchion   |       |       |    29 |     9 ||    38

Table legend:
 A = Non-vault XP
 B = Vault XP
 C = Vault XP percentage of total XP
 D = Non-vault monster count
 E = Vault monster count
 F = Vault count percentage of total count
                 A         B        C        D         E       F
            +---------+---------+-------+---------+---------+-------
      Total |    4912 |    1378 |  21.9 |     151 |      11 |   6.8
            +---------+---------+-------+---------+---------+-------
        D:1 |       7 |       0 |   0.0 |       5 |       0 |   0.0
        D:2 |     120 |       0 |   0.0 |      21 |       0 |   0.0
        D:3 |     228 |       0 |   0.0 |      35 |       0 |   0.0
        D:4 |     465 |     267 |  36.5 |      23 |       1 |   4.2
        D:5 |     150 |       0 |   0.0 |       4 |       0 |   0.0
        D:6 |     398 |       0 |   0.0 |      11 |       0 |   0.0
        D:7 |    2220 |       0 |   0.0 |      34 |       0 |   0.0
        D:8 |    1234 |     328 |  21.0 |      16 |       6 |  27.3
        D:9 |      90 |     783 |  89.7 |       2 |       4 |  66.7
            +---------+---------+-------+---------+---------+-------

Levels and vault maps discovered:
D:1:      grunt_arrival_lava_bath, layout_loops_ring
D:2:      layout_basic, first_ration
D:3:      layout_loops_corners, chequers_ecumenical_altar_grove
D:4:      layout_basic, temple_fountains, serial_shops, kennysheep_mini,
          minmay_misc_feat_five, nrook_mini_backslash, uniq_grinder
D:5:      layout_layer_cave
D:6:      minmay_cornered_nines, layout_loops_ring, serial_shops, shop,
          nicolae_tso_swordbearing_angel
D:7:      layout_loops_corners, zin_angel
D:8:      kennysheep_six_static_rooms, layout_cave_pools,
          grunt_temple_overflow_open, uniq_joseph
D:9:      minmay_the_grid_octo_2x2 [minmay_the_grid_octo_checkerflower,
          minmay_the_grid_octo_empty, minmay_the_grid_octo_teeth,
          minmay_the_grid_octo_prize_star], layout_long_grid,
          makhleb_altar_promises_db, hangedman_ru_absence, orc_david_3,
          basic_altar
Temple:   nicolae_temple_x_marks_the_god

Table legend:
 A = Turns spent in this place as a percentage of turns spent in the entire game.
 B = Non-inter-level travel turns spent in this place as a percentage of non-inter-level travel turns spent in the entire game.
 C = Inter-level travel turns spent in this place as a percentage of turns spent in this place.
 D = Turns resting spent in this place as a percentage of non-inter-level travel turns spent in this place.
 E = Turns spent auto-exploring this place as a percentage of non-inter-level travel turns spent in this place.
 F = Non-inter-level travel turns spent in this place divided by the number of levels of this place that you've seen.
                   A       B       C       D       E      F
               +-------+-------+-------+-------+-------+----------------------
         Total | 100.0 | 100.0 |   2.7 |  30.1 |  54.5 | 949.3
       Dungeon |  99.9 |  99.9 |   2.7 |  30.2 |  54.6 | 1054.1
        Temple |   0.1 |   0.1 |  53.8 |   0.0 |   0.0 |   6.0
               +-------+-------+-------+-------+-------+----------------------

Table legend:
 A = Kills in this place as a percentage of kills in entire the game.
 B = Kills by you in this place as a percentage of kills by you in the entire game.
 C = Kills by friends in this place as a percentage of kills by friends in the entire game.
 D = Other kills in this place as a percentage of other kills in the entire game.
 E = Experience gained in this place as a percentage of experience gained in the entire game.
 F = Experience gained in this place divided by the number of levels of this place that you have seen.
                   A       B       C       D       E      F
               +-------+-------+-------+-------+-------+----------------------
         Total | 100.0 | 100.0 |   N/A |   N/A | 100.0 | 629.0
       Dungeon | 100.0 | 100.0 |   N/A |   N/A | 100.0 | 698.9
               +-------+-------+-------+-------+-------+----------------------
